 Dungeon Crawl Stone Soup version 0.28-a0-769-g550dbda0cd (webtiles) character file.

Game seed: 16419361169218691671

207 timneilson the Covered (level 5, -4/33 HPs)
             Began as a Gargoyle Fighter on Oct 31, 2021.
             Slain by an ogre (17 damage)
             ... on level 4 of the Dungeon.
             The game lasted 00:04:23 (3696 turns).

timneilson the Covered (Gargoyle Fighter)           Turns: 3696, Time: 00:04:25

Health: -4/33      AC: 15    Str: 27    XL:     5   Next: 85%
Magic:  5/5        EV:  3    Int:  8    God:
Gold:   215        SH:  8    Dex:  9    Spells: 4/4 levels left

rFire   . . .      SeeInvis .   a - +0 long sword
rCold   + . .      Faith    .   m - +0 kite shield
rNeg    + . .      Spirit   .   f - +1 chain mail {rC+}
rPois   ∞          Reflect  .   (no helmet)
rElec   +          Harm     .   (no cloak)
rCorr   .          Rampage  .   (no gloves)
Will    .....                   i - +0 pair of boots
Stlth   ..........              e - amulet of the acrobat
HPRegen 0.11/turn               h - +6 ring of strength
MPRegen 0.09/turn               (no ring)

@: mighty, constricted
A: sickness immunity, AC +4, negative energy resistance 1, electricity
resistance, torment resistance 1, petrification resistance
a: no special abilities


You were on level 4 of the Dungeon.
You visited 1 branch of the dungeon, and saw 5 of its levels.

You collected 215 gold pieces.

Inventory:

Hand Weapons
 a - a +0 long sword (weapon)
Armour
 f - a +1 chain mail of cold resistance (worn)
 i - a +0 pair of boots (worn)
 k - a +0 plate armour
 m - a +0 kite shield (worn)
Jewellery
 e - an amulet of the acrobat (around neck)
 h - a +6 ring of strength (left hand)
Scrolls
 c - a scroll of identify
 n - a scroll of teleportation {unknown}
Potions
 b - 2 potions of curing
 g - a potion of lignification {unknown}
 j - a potion of brilliance
 l - 2 potions of ambrosia


   Skills:
 + Level 3.7 Fighting
 * Level 3.0 Long Blades
 * Level 4.6 Armour
 + Level 1.0 Dodging
 * Level 4.5 Shields


You had 4 spell levels left.
You didn't know any spells.
Your spell library was empty.

Dungeon Overview and Level Annotations

Branches:
Dungeon (5/15)
 Temple: D:4-7

Altars:
Vehumet
Yredelemnul


Innate Abilities, Weirdness & Mutations

You are immune to sickness and miasma.
Your stone body is resilient. (AC +4)
You are immune to poison.
You resist negative energy. (rN+)
You are resistant to electric shocks. (rElec)
You are resistant to unholy torment.
You are immune to petrification.


Message History

Found a radiant altar of Vehumet.
A ball python comes into view.
The ball python hisses angrily.
You hear a shout!
An ufetubus comes into view.
The ball python moves out of view.
An ogre comes into view. It is wielding a +0 giant spiked club.
The ufetubus shouts!
Found 9 gold pieces.
You feel very mighty all of a sudden.
You barely miss the ball python. You block the ball python's attack.
The ball python grabs you. The ball python constricts you.
The ufetubus hits you but does no damage. x2
The ball python bites you but does no damage.
The ball python constricts you.
You closely miss the ball python.
The ufetubus hits you but does no damage. x2
You block the ball python's attack. The ball python constricts you.
The ufetubus hits you but does no damage.
The ufetubus hits you. You block the ball python's attack.
The ball python constricts you.
You slash the ogre!
The ogre is moderately wounded.
The ufetubus hits you but does no damage. x2
The ogre hits you with a +0 giant spiked club!
The ufetubus hits you.
The ufetubus hits you but does no damage.
The ball python bites you. The ball python constricts you.
You slash the ogre!
The ogre is heavily wounded.
The ufetubus hits you but does no damage.
You block the ufetubus's attack.
The ball python bites you but does no damage.
The ball python constricts you. You block the ogre's attack.
The ufetubus hits you but does no damage. x2
The ball python bites you but does no damage.
The ball python constricts you. The ufetubus barely misses you.
The ufetubus hits you but does no damage.
The ogre hits you with a +0 giant spiked club!
Ouch! That really hurt!
You die...

.... .... #..... . ... .
......#.#.. .$ #...#.....#
..# #......#.. .. #
#..#.#...#.#..# .#
#.....O5......#
#.##..#.#.@S#.#.
#.#......#......#
#.....#.....#...#
#......#.#....##
#............## ..
##...........## #...
##......############.....
##.....................[..
..........................


You could see an ogre, an ufetubus and a ball python.

Vanquished Creatures
  A howler monkey (D:5)
  An iguana (D:3)
  4 adders
  An adder zombie (D:3)
  A worm (D:2)
  4 dart slugs
  4 orcs
  7 ball pythons
  10 endoplasms
  A giant cockroach (D:3)
  5 goblins
  9 hobgoblins
  10 jackals
  6 kobolds
  2 quokkas
  6 bats
  4 frilled lizards
  A quokka zombie (D:3)
  5 rats
82 creatures vanquished.

Notes
Turn   | Place    | Note
-------+----------+-------------------------------------------
     0 | D:1      | timneilson the Gargoyle Fighter began the quest for the
                  | Orb.
     0 | D:1      | Reached XP level 1. HP: 14/14 MP: 1/1
   171 | D:1      | Reached XP level 2. HP: 10/19 MP: 2/2
   328 | D:1      | You fall into a shaft and drop 1 floor!
   469 | D:2      | Reached XP level 3. HP: 16/23 MP: 3/3
  1538 | D:2      | Reached XP level 4. HP: 28/28 MP: 4/4
  1585 | D:2      | Found a faded altar of an unknown god.
  2284 | D:3      | Reached XP level 5. HP: 24/32 MP: 5/5
  2812 | D:3      | You fall into a shaft and drop 2 floors!
  2812 | D:5      | Entered Level 5 of the Dungeon
  2847 | D:5      | Reached skill level 1 in Dodging
  3185 | D:3      | Found a basalt altar of Yredelemnul.
  3685 | D:4      | Found a radiant altar of Vehumet.
  3690 | D:4      | Noticed an ogre
  3696 | D:4      | Slain by an ogre

Illustrated notes

Levels and vault maps discovered:
D:1:      minmay_arrival_four_houses, layout_loops_corners,
          hangedman_decor_lopped
D:2:      layout_loops_ring, ebering_ecumenical_altar_webs
D:3:      layout_loops_ring, lemuel_zombie_altar_yredelemnul, st_stairs_6,
          minmay_fractal_squares_5
D:4:      minmay_bubble_buster, layout_layer_cave, fedhas_altar_4,
          nicolae_vehumet_radiance
D:5:      layout_cave_pools, chequers_serial_rivers_marsh,
          serial_bayou_crossing, uniq_sigmund

Skill      XL: |  1  2  3  4  5 |
---------------+----------------+-----
Long Blades    | 2 3 |  3.0
Armour         | 4 |  4.6
Shields        | 4 |  4.5
Dodging        | 1 |  1.0
Fighting       | |  3.7

Action                   |  1- 3 |  4- 6 || total
-------------------------+-------+-------++-------
Melee: Long sword        |    80 |   169 ||   249
  Use: Scroll            |     2 |     4 ||     6
       Potion            |       |     1 ||     1
Armor: Scale mail        |    13 |       ||    13
       Chain mail        |    21 |   118 ||   139
Dodge: Dodged            |    49 |    81 ||   130
Block: Buckler           |    12 |    29 ||    41
       Kite shield       |       |    27 ||    27

Table legend: (Time is in decaauts)
 A = Elapsed time spent in this place.
 B = Non-inter-level travel time spent in this place.
 C = Inter-level travel time spent in this place.
 D = Time resting spent in this place.
 E = Time spent auto-exploring this place.
 F = Levels seen in this place.
 G = Mean time per level.
                   A        B        C        D        E       F      G
               +--------+--------+--------+--------+--------+-----+--------+
         Total |   3773 |   3653 |    120 |      0 |   2942 |   5 |  754.6 |
       Dungeon |   3773 |   3653 |    120 |      0 |   2942 |   5 |  754.6 |
               +--------+--------+--------+--------+--------+-----+--------+

Top non-repeatable levels by time:
     D:1: 1166 daAuts
     D:3: 1058 daAuts
     D:2: 1015 daAuts
     D:4: 492 daAuts
     D:5: 41 daAuts
